[Event "Late-Titled-Tuesday-Blitz-September-19-2023"]
[Site "Chess.com"]
[Date "2023.09.19"]
[Round "10"]
[White "Abund"]
[Black "Beca95"]
[Result "0-1"]
[WhiteElo "2771"]
[BlackElo "2863"]
[TimeControl "180+1"]
[EndTime "15:56:59 PDT"]
[Termination "Beca95 won by resignation"]

1. e4 c5 2. Nf3 d6 3. Bb5+ Nd7 4. c3 Nf6 5. Qe2 a6 6. Ba4 b5 7. Bc2 Bb7 8. d4 e5 9. O-O Be7 10. Rd1 Qc7 11. dxe5 Nxe5 12. Nxe5 dxe5 13. c4 O-O 14.
Nc3 b4 15. Nd5 Nxd5 16. cxd5 c4 17. Be3 Rac8 18. Rac1 Bd6 19. Bb3 c3 20. Rc2 Qd7 21.
f3 cxb2 22. Rxb2 Rc3 23. Rc2 Rfc8 24. Rdc1 a5 25. Rxc3 bxc3 26. Bc4 Bb4 27. Bb5 Qc7 28. Kh1 Ba3 29. Rc2 Qd6 30. h3 Qb4 31. Kh2 h6 32. Bf2 f6 33. Qd3 Kf8 34. Be1 Bb2 35. d6 Rd8 36. d7 Qd4 37. Qe2 Ke7 38. Bf2 Qb4 39.
Qd3 a4 40. Bb6 a3 41. Bc7 Qc5 42. Ba5 Qd4 43. Bxd8+ Kxd8 44. Qe2 Qc5 45. Qd3 Bc6 46. Bxc6 Qxc6 47. Re2 Qxd7 48. Qc2 Ke7 49. Qb3 Qe6 50. Qb7+ Kf8 51. Qb8+ Kf7 52. Qc7+ Kg6 53. Qd8 Qxa2 54.
Qe8+ Kh7 55. h4 Qc4 56. h5 a2 57. Qg6+ Kh8 58. Qe8+ Qg8 59. Qa4 a1=Q 60. Qc2 Qc1 61. Qd3 Qf4+ 62. g3 Qg5 63. Kg2 Qxh5 64. Re1 Qhf7 65.
Rh1 Kh7 66. Qe3 Qc4 67. g4 c2 68. g5 c1=Q 69. Qf2 Qxg5+ 70. Kh2 Bd4 71. f4 Bxf2 0-1

[Event "Late-Titled-Tuesday-Blitz-September-19-2023"]
[Site "Chess.com"]
[Date "2023.09.19"]
[Round "10"]
[White "arminmusovic"]
[Black "gabduschew"]
[Result "0-1"]
[WhiteElo "2490"]
[BlackElo "2379"]
[TimeControl "180+1"]
[EndTime "15:57:02 PDT"]
[Termination "gabduschew won by resignation"]

1. a3 g6 2. Nc3 Bg7 3. e4 c6 4.
Bc4 e6 5. Ba2 d5 6. d3 dxe4 7.
Nxe4 b6 8. h4 Nf6 9. Nxf6+ Qxf6 10. Nf3 h6 11. c3 Ba6 12. Qe2 Nd7 13. Qe4 O-O 14. Be3 Rac8 15. O-O-O Rfd8 16. Bb1 Qf5 17. Qxf5 gxf5 18. d4 Be2 19. Rd2 Bxf3 20. gxf3 Kh7 21. Rdd1 b5 22. Rhg1 Bf6 23. Rg4 Nb6 24. Rdg1 h5 25.
R4g2 Rg8 26. Bg5 Bxg5+ 27. Rxg5 Rxg5 28. Rxg5 Kh6 29. Bd3 Nd5 30. Rg1 Nf4 31. Kd2 Ng6 32.
Rh1 Rg8 33. a4 a6 34. axb5 axb5 35. Ke3 Ne7 36. c4 bxc4 37. Bxc4 Kg6 38. Ra1 Kf6 39. Ra7 Rg1 40. b3 Rh1 41. Ra8 Rxh4 42. Rf8 Rh1 43. Rh8 Re1+ 44. Kd2 Rg1 45. Ke2 Ng6 46. Rh7 h4 47.
Kd2 Rg2 48. Ke1 Rg1+ 49. Bf1 Nf4 50. Rxh4 Ng2+ 51. Ke2 Nxh4 52. b4 Rxf1 53. Kxf1 Nxf3 54. Ke2 Nxd4+ 55. Kd3 Nb5 56. Kc4 Ke5 57. Kc5 Nd4 58. f4+ Ke4 59. Kd6 Kxf4 60. Ke7 Nc2 61. Kxf7 Nxb4 62. Kxe6 Ke4 63. Kd6 f4 64. Kc5 f3 65. Kxb4 f2 66. Ka5 f1=Q 67. Kb6 Qc4 68. Ka7 Qb3 69. Ka8 c5 70. Ka7 c4 71. Ka6 c3 72. Ka7 c2 73. Ka8 0-1

[Event "Late-Titled-Tuesday-Blitz-September-19-2023"]
[Site "Chess.com"]
[Date "2023.09.19"]
[Round "10"]
[White "Deeper44"]
[Black "wild3000"]
[Result "1-0"]
[WhiteElo "2539"]
[BlackElo "2466"]
[TimeControl "180+1"]
[EndTime "15:57:07 PDT"]
[Termination "Deeper44 won by resignation"]

1. d4 d5 2. c4 e6 3. Nf3 Nf6 4. g3 Be7 5. Bg2 O-O 6. Qc2 c5 7. dxc5 Bxc5 8. cxd5 Bb4+ 9. Bd2 Bxd2+ 10. Nbxd2 exd5 11.
O-O Nc6 12. e3 Bg4 13. h3 Bh5 14. Qb3 Qe7 15. Rfe1 b6 16. Rac1 Na5 17. Qb5 Rac8 18. Nd4 Rc5 19. Rxc5 Qxc5 20. b4 Qxb5 21. Nxb5 Nc6 22. a3 a5 23. Rc1 Ne5 24. bxa5 bxa5 25. f4 Nd3 26. Rc3 Bg6 27. g4 Be4 28. g5 Nd7 29. Nxe4 dxe4 30. Bxe4 N3c5 31. Bf5 g6 32. Bg4 Rb8 33. Bxd7 Nxd7 34. Nd6 Kf8 35. Kg2 Ke7 36.
Nc8+ Kd8 37. Na7 Rb2+ 38. Kf3 Nb6 39. Nc6+ Kd7 40. Ne5+ Ke6 41. Rc6+ Kd5 42. Rf6 Rb3 43. Nxf7 Rxa3 44. Rxb6 a4 45. Rb5+ Kc4 46. Nd6+ Kc3 47. Rb7 Rb3 48. Rxh7 a3 49. Ra7 Kb2 50. Nc4+ Ka2 51.
h4 Rc3 52. Nxa3 Kb3 53. Nb5 Rc5 54. Nd4+ Kc4 55. Ra4+ Kd5 56. Ra6 Kc4 57. Rxg6 Rc8 58. h5 Kd5 59. h6 Rh8 60. Nf5 Kc4 61. e4 Kc5 62. Rg7 Kc6 63. h7 Kc5 64. g6 Ra8 65.
Rg8 Ra3+ 66. Kg4 Ra1 67. h8=Q Rg1+ 68. Ng3 Rd1 69. Rc8+ Kb4 70. Qb2+ 1-0

[Event "Late-Titled-Tuesday-Blitz-September-19-2023"]
[Site "Chess.com"]
[Date "2023.09.19"]
[Round "10"]
[White "jk13"]
[Black "Dacean99"]
[Result "1/2-1/2"]
[WhiteElo "2623"]
[BlackElo "2496"]
[TimeControl "180+1"]
[EndTime "15:57:08 PDT"]
[Termination "Game drawn by repetition"]

1. Nf3 d5 2. g3 Nf6 3. Bg2 c5 4. O-O Nc6 5. d3 e5 6. Nbd2 Be7 7.
e4 O-O 8. Re1 d4 9. Nc4 Qc7 10.
a4 a6 11. a5 Be6 12. Bd2 Rfe8 13. b3 h6 14. Nh4 Rad8 15. Nf5 Bf8 16. Kh1 Ne7 17.
Nh4 Nc6 18. h3 Qd7 19. Kh2 Bd6 20. Qf3 Bc7 21. Nf5 Bxf5 22. exf5 Re7 23. Re2 Rde8 24. Rae1 Bb8 25. Kh1 Nb4 26. Bxb4 cxb4 27. Kg1 Qb5 28. g4 Nh7 29. h4 f6 30. Qd5+ Kh8 31. Qxb5 axb5 32. Nb6 Bc7 33. Nd5 Rd7 34. Ra1 Ra8 35. Nxb4 Rxa5 36. Rxa5 Bxa5 37. Nd5 Nf8 38. b4 Bd8 39.
Re1 Rd6 40. Ra1 Ra6 41. Rxa6 bxa6 42. Kf1 Nd7 43. Ke2 Kg8 44. c3 a5 45. bxa5 Bxa5 46.
cxd4 exd4 47. Nf4 Bc3 48. Bd5+ Kf8 49. Ng6+ Ke8 50. Bc6 b4 51. Ba4 Kd8 52. Nf4 Nc5 53. Ne6+ Nxe6 54. fxe6 Ke7 55. Bb3 g6 56. f4 f5 57.
gxf5 gxf5 58. Kf3 h5 59. Kg3 Be1+ 60. Kh3 Kd6 61. Bc4 Bc3 62. Bb3 Bd2 63. Kg3 Be3 64.
Kf3 Ke7 65. Bc4 Kf6 66. Bb3 Bd2 67. Bc4 Bc3 68. Kg3 Bb2 69. Bb3 Ke7 70. Bc4 Bc3 71. Bd5 Be1+ 72. Kh3 Kd6 73. Bb3 Bf2 74. Bc4 Be1 75. Bb3 Bc3 76. Bc4 Bb2 77. Kg3 Ba3 78. Bb3 Ke7 79. Bc4 Kd8 80. Bb3 Bc1 81. Bc4 Bd2 82. Bb3 Kc7 83. Bc4 Kd6 84. Bb3 Bc1 85. Bc4 Ba3 86. Bb3 Kc6 87. Bc4 Bb2 88. Bb3 Bc3 89.
Bc4 Bd2 90. Bb3 Be1+ 91. Kh3 Kc7 92. Bc4 Kd6 93. Bb3 1/2-1/2

[Event "Late-Titled-Tuesday-Blitz-September-19-2023"]
[Site "Chess.com"]
[Date "2023.09.19"]
[Round "10"]
[White "Oleksandr_Bortnyk"]
[Black "sergiochess83"]
[Result "1/2-1/2"]
[WhiteElo "3008"]
[BlackElo "2900"]
[TimeControl "180+1"]
[EndTime "15:57:12 PDT"]
[Termination "Game drawn by repetition"]

1. d4 Nf6 2. Nc3 d5 3. Bf4 Bf5 4. e3 e6 5. Nf3 Bd6 6. Ne5 h5 7. Bd3 c6 8. O-O Qc7 9. Qf3 Bg4 10. Nxg4 hxg4 11. Bxd6 Qxd6 12. Qg3 Qxg3 13. hxg3 Nbd7 14.
f4 Nh5 15. Kf2 f5 16. Ne2 Ke7 17. c4 Nhf6 18. Rfc1 g6 19. c5 Ne4+ 20. Bxe4 dxe4 21. b4 Nf6 22. Rab1 a6 23. a4 Nd5 24. Rc2 Kf6 25.
Rcb2 Ra7 26. Rb3 Raa8 27. Nc3 Nxc3 28. Rxc3 g5 29. Rcb3 gxf4 30. gxf4 Rag8 31. Kg3 Ra8 32. R3b2 Ra7 33. Rc2 Raa8 34. Rc3 Ra7 35. Rcb3 Raa8 36. b5 axb5 37. axb5 Ra2 38. bxc6 bxc6 39. Rb6 Re2 40.
R6b3 Ra8 41. R1b2 Ra2 42. Rxa2 Rxa2 43. Rb6 Re2 44. Rxc6 Rxe3+ 45. Kf2 Rd3 46. Rd6 g3+ 47. Ke2 Ke7 48. Ke1 Ra3 49. d5 exd5 50. Rxd5 Ra1+ 51.
Ke2 Ra2+ 52. Ke3 Ke6 53. Rd6+ Ke7 54. Rd5 Ke6 55. Rd6+ Ke7 56. Rg6 Rxg2 57. Rg7+ Kf6 58. Rg8 Rc2 59. Kd4 g2 60. Rg5 Rd2+ 61. Ke3 Rc2 62.
Kd4 Ke6 63. Rg6+ Kf7 64. Rg5 Kf6 65. Rg8 Rf2 66. c6 Rc2 67. c7 Rxc7 68. Rxg2 Rd7+ 69. Kc4 Rd3 70. Rh2 Rf3 71. Rh6+ Kg7 72. Rh4 Kg6 73. Kd4 Ra3 74. Rh1 Ra4+ 75. Ke5 Ra5+ 76. Ke6 Ra6+ 77. Ke5 Ra5+ 78. Ke6 Ra6+ 79. Ke5 Ra5+ 1/2-1/2

[Event "Late-Titled-Tuesday-Blitz-September-19-2023"]
[Site "Chess.com"]
[Date "2023.09.19"]
[Round "10"]
[White "AlexandraBotez"]
[Black "canary2016"]
[Result "1-0"]
[WhiteElo "2301"]
[BlackElo "2149"]
[TimeControl "180+1"]
[EndTime "15:57:14 PDT"]
[Termination "AlexandraBotez won by checkmate"]

1. d4 Nf6 2. c4 e6 3. Nf3 d5 4. e3 Be7 5. Nc3 O-O 6. cxd5 exd5 7. Bd3 b6 8. O-O Bb7 9. a3 c5 10. dxc5 bxc5 11. Bd2 Nc6 12. Rc1 Rc8 13. Bb1 d4 14. exd4 cxd4 15. Ne4 Re8 16. Re1 Qb6 17. b4 a5 18.
Nxf6+ Bxf6 19. Qb3 axb4 20. axb4 g6 21. Ba2 Rf8 22.
Bh6 Bg7 23. Bxg7 Kxg7 24. Ng5 Nd8 25. Rxc8 Bxc8 26. h3 Ne6 27. Nf3 Qd6 28. Rd1 Qf4 29. b5 Bb7 30. Qd3 Rd8 31. Bxe6 fxe6 32. Re1 Bd5 33. Qxd4+ Qxd4 34. Nxd4 Kf6 35. Nc6 Bxc6 36. bxc6 Rc8 37. Rc1 Ke7 38. f4 Kd6 39. Kf2 Rxc6 40. Rd1+ Ke7 41. Rd2 Kf6 42. g3 Rc4 43. Re2 Rc3 44.
Kg2 Rb3 45. Kf2 Ra3 46. Rd2 Rb3 47. g4 Rxh3 48. Rd8 h6 49. Rf8+ Kg7 50. Re8 Kf7 51.
Rh8 h5 52. g5 Rh4 53. Kf3 Rh1 54. Rh7+ Kf8 55. Ra7 Re1 56. Rh7 Rb1 57. Ke4 Rb5 58.
Ra7 h4 59. Ra3 Rb4+ 60. Ke5 Kf7 61. Ra7+ Kf8 62. Ra8+ Kf7 63. Ra7+ Kf8 64. Ra3 Kf7 65. Rh3 Rb5+ 66. Ke4 Rb4+ 67. Ke5 Rb5+ 68. Kd6 Rb6+ 69.
Kc5 Rb8 70. Rxh4 Rc8+ 71. Kd6 Rd8+ 72. Ke5 Rd5+ 73. Ke4 Rc5 74. Rh7+ Kf8 75. Ra7 Rc4+ 76. Ke5 Rc1 77. Kf6 Ke8 78. Kxe6 Re1+ 79. Kf6 Rf1 80.
Ra4 Rf3 81. Kxg6 Kf8 82. f5 Kg8 83. Ra8# 1-0

[Event "Late-Titled-Tuesday-Blitz-September-19-2023"]
[Site "Chess.com"]
[Date "2023.09.19"]
[Round "10"]
[White "kleopl"]
[Black "Der_Honigdachs"]
[Result "1/2-1/2"]
[WhiteElo "2465"]
[BlackElo "2519"]
[TimeControl "180+1"]
[EndTime "15:57:15 PDT"]
[Termination "Game drawn by stalemate"]

1. e4 d5 2. exd5 Qxd5 3. Nc3 Qd6 4. d4 Nf6 5. Nf3 c6 6. Ne5 Nbd7 7. Nc4 Qc7 8. Qf3 Nb6 9. Bf4 Qd7 10. O-O-O Qg4 11. Qxg4 Bxg4 12. f3 Bh5 13. Ne5 e6 14. h4 Nfd5 15.
Nxd5 Nxd5 16. Bd2 f6 17. Nd3 O-O-O 18. g4 Bg6 19. h5 Bf7 20. b3 Nc7 21. c3 Be7 22.
Kc2 Nb5 23. a4 Nc7 24. Nf4 g5 25. hxg6 hxg6 26. Bd3 g5 27. Ne2 Nd5 28. Ng3 Bd6 29.
Ne4 Bf4 30. c4 Bxd2 31. Kxd2 Nf4 32. Rxh8 Rxh8 33. Nxf6 Rh2+ 34. Kc3 Rf2 35. Be4 Bg6 36. Kb4 b6 37. a5 Kc7 38. axb6+ axb6 39. Rh1 Bxe4 40.
Nxe4 Nd3+ 41. Kc3 Rxf3 42. Nxg5 Rg3 43. Nxe6+ Kd6 44. Rh6 Nf4+ 45. Kb4 Nxe6 46. d5 cxd5 47. cxd5 Kxd5 48. Rh5+ Kc6 49. Rh6 Kd6 50. Kc4 Rxg4+ 51. Kb5 Rg3 52. b4 Rg4 53. Kxb6 Rxb4+ 54. Ka5 Rb8 55. Ka4 Kd5 56. Ka3 Nd4 57. Rh7 Kc5 58. Rc7+ Nc6 59. Rh7 Kc4 60. Rh4+ Nd4 61. Ka2 Kc3 62.
Rh3+ Kd2 63. Rh2+ Ne2 64. Ka3 Kc3 65. Rh3+ Kc4 66. Rh4+ Nd4 67. Ka2 Rb7 68. Rg4 Kc3 69. Rg3+ Kd2 70. Rg2+ Ne2 71. Rh2 Kd1 72. Ka3 Nc3 73.
Rd2+ Kc1 74. Rc2+ Kxc2 1/2-1/2

[Event "Late-Titled-Tuesday-Blitz-September-19-2023"]
[Site "Chess.com"]
[Date "2023.09.19"]
[Round "10"]
[White "scandalgod"]
[Black "ozates"]
[Result "1/2-1/2"]
[WhiteElo "2474"]
[BlackElo "2587"]
[TimeControl "180+1"]
[EndTime "15:57:20 PDT"]
[Termination "Game drawn - insufficient material"]

1. d4 Nf6 2. c4 e6 3. g3 d5 4. Nf3 dxc4 5. Bg2 c5 6. O-O Nc6 7. dxc5 Qxd1 8. Rxd1 Bxc5 9. Nbd2 c3 10. bxc3 O-O 11. Nb3 Be7 12. Nfd4 Bd7 13. Bg5 Nxd4 14. cxd4 Rab8 15. Bf4 Rbc8 16. Bxb7 Rc2 17. Nc5 Bb5 18. e3 Ng4 19. Be4 Rxf2 20. h3 Rxf4 21. exf4 Nf6 22. Bf3 h5 23. Rab1 a6 24. a4 Bc4 25. Rb7 Bd5 26.
Kf2 Bxb7 27. Bxb7 a5 28. Rb1 Rd8 29. Ke3 h4 30. g4 g5 31. fxg5 Nh7 32. g6 fxg6 33.
Nxe6 Re8 34. d5 Ng5 35. Kd3 Nxh3 36. Nd4 Nf4+ 37. Kc4 h3 38. Bc6 Rf8 39. Ne6 Nxe6 40. dxe6 h2 41. Rh1 Rf2 42. Kb5 Bb4 43. e7 Bxe7 44.
Kxa5 Bd6 45. Kb5 Rf4 46. a5 Rb4+ 47. Ka6 Bc7 48. Bb5 Rb2 49. Rc1 Bd8 50. Rh1 Ra2 51. Kb7 Rxa5 52. Bc6 Ra2 53. Kc8 Rc2 54. Kd7 Bg5 55.
Bd5+ Kg7 56. Ke6 Bf4 57. Be4 Re2 58. Kd5 Kf6 59. Bf3 Re3 60. Be4 Kg5 61. Kd4 Kxg4 62. Bxg6 Kg3 63. Be4 Kf2 64. Rd1 Bg3 65. Rh1 Ra3 66.
Rd1 Ra4+ 67. Kd5 Bf4 68. Rh1 Kg3 69. Rf1 Be3 70. Rf3+ Kg4 71. Rxe3 Rxe4 72. Rxe4+ Kf3 73. Re1 Kf2 74. Rc1 Kg2 75. Kd4 h1=Q 76. Rxh1 Kxh1 1/2-1/2

[Event "Late-Titled-Tuesday-Blitz-September-19-2023"]
[Site "Chess.com"]
[Date "2023.09.19"]
[Round "10"]
[White "ChessWarrior7197"]
[Black "SantoBlue"]
[Result "1-0"]
[WhiteElo "3064"]
[BlackElo "2945"]
[TimeControl "180+1"]
[EndTime "15:57:22 PDT"]
[Termination "ChessWarrior7197 won on time"]

1. d4 d5 2. c4 c6 3. cxd5 cxd5 4. Nc3 Nc6 5. Bf4 e6 6. e3 Bd6 7. Bxd6 Qxd6 8. Bd3 Bd7 9. Rc1 Rc8 10. f4 Nge7 11.
Nf3 Nf5 12. Qd2 h5 13. O-O Nce7 14. Ne5 f6 15. Nxd7 Qxd7 16. Bb5 Nc6 17. Na4 Kf7 18. Nc5 Qe7 19. Bd3 Nd6 20. Rc3 f5 21. Rfc1 Nb8 22. Be2 g6 23. Bf3 Kg7 24. Nd3 Rxc3 25.
Rxc3 Rc8 26. Ne5 Nc6 27. Qc2 Nxe5 28. fxe5 Rxc3 29. Qxc3 Nf7 30. Qc8 Qg5 31. Kf2 Qh4+ 32. Ke2 Qe7 33. h4 Nd8 34. Kd1 Qxh4 35. Be2 Qe7 36.
Bb5 a6 37. Bd7 g5 38. Ke2 g4 39. g3 h4 40. gxh4 g3 41. Kf3 Qxh4 42. Bxe6 Qh5+ 43. Kxg3 Qg6+ 44. Kf2 Nxe6 45. Qxb7+ Kh6 46. Qxd5 Ng5 47. Qh1+ Kg7 48. Qh4 Ne4+ 49. Kf3 Ng5+ 50. Ke2 Nf7 51. Kd2 Qg2+ 52. Kc3 Qc6+ 53. Kd3 Qb5+ 54.
Kc3 Qa5+ 55. Kc2 Qa4+ 56. Kc3 Qa5+ 57. Kc2 Qa4+ 58. b3 Qxa2+ 59. Kc3 Qa1+ 60. Kc2 Qa2+ 61.
Kc3 Qa5+ 62. Kc2 Qc7+ 63. Kb2 Qc6 64. Qe7 Qg2+ 65. Ka3 Qd2 66. Qc7 Qxe3 67. Qb6 f4 68.
Qf6+ Kg8 69. e6 Qc1+ 70. Ka2 Qc2+ 71. Ka3 Qc1+ 72. Ka4 Qc6+ 73. Ka3 Qd6+ 74. Ka2 Nh8 75. d5 Qxd5 76. e7 Qd1 77. e8=Q+ 1-0

[Event "Late-Titled-Tuesday-Blitz-September-19-2023"]
[Site "Chess.com"]
[Date "2023.09.19"]
[Round "10"]
[White "Nathan_Filgueiras"]
[Black "JoakimVonAnd"]
[Result "1-0"]
[WhiteElo "2534"]
[BlackElo "2701"]
[TimeControl "180+1"]
[EndTime "15:57:48 PDT"]
[Termination "Nathan_Filgueiras won by checkmate"]

1. e4 c6 2. d4 d5 3. e5 Bf5 4.
Nf3 e6 5. Be2 Bb4+ 6. Bd2 Bxd2+ 7. Nbxd2 Nd7 8. O-O f6 9. c4 fxe5 10. cxd5 cxd5 11. Nxe5 Nxe5 12. dxe5 Ne7 13. Nf3 O-O 14.
Nd4 Qd7 15. Bb5 Nc6 16. Bxc6 bxc6 17. Rc1 Rab8 18. Nb3 Rfc8 19. Qd4 Qe7 20. Rc5 Qg5 21. Rfc1 Be4 22. g3 Qf5 23. Nd2 Rb6 24. Nxe4 dxe4 25. b3 h6 26. R5c4 Rf8 27. R1c2 Rb5 28. Qxe4 Rxe5 29.
Qxf5 exf5 30. Rxc6 f4 31. gxf4 Rxf4 32. Rc7 Rg5+ 33.
Kf1 a5 34. Ra7 Rh4 35. f3 Rf4 36. Rf2 Rc5 37. Re7 Rd4 38. Re4 Rd1+ 39. Kg2 Rg5+ 40.
Rg4 Re5 41. Rc2 h5 42. Re4 Rg5+ 43. Kf2 Rdg1 44. Rc8+ Kh7 45. Ke3 R1g2 46. h4 Rd5 47. a4 Rb2 48. Rb8 Rc5 49. Kf4 Rc3 50. Re5 Rcxb3 51. Rxb3 Rxb3 52. Rxh5+ Kg6 53. Rxa5 Rb4+ 54. Kg3 Kf6 55. f4 Kg6 56. Kg4 Kf6 57. Ra6+ Kf7 58. a5 Rb5 59. f5 Kg8 60. Kg5 Rb1 61. Ra7 Rg1+ 62. Kh5 Rf1 63. Kg4 Rg1+ 64. Kf4 Rf1+ 65. Ke5 Re1+ 66. Kd5 Rf1 67. a6 Rxf5+ 68. Kc6 Rf6+ 69. Kb7 Rf7+ 70. Kb6 Rf6+ 71. Kc5 Rf5+ 72. Kd6 Ra5 73. Ra8+ Kh7 74. Kc6 Ra1 75. Kb6 Kg6 76. Ka7 Kh7 77. Rc8 Kg6 78. Rc4 Kh5 79. Kb6 Rb1+ 80.
Kc6 Ra1 81. Kb5 Rb1+ 82. Rb4 Rd1 83. a7 Rd8 84. Ka6 Rc8 85. Kb7 Rd8 86. a8=Q Rxa8 87. Kxa8 g5 88. hxg5 Kxg5 89. Kb7 Kf5 90. Kc6 Ke5 91.
Rb5+ Ke6 92. Rd5 Kf6 93. Kd6 Kg6 94. Re5 Kg7 95. Ke6 Kg6 96. Rf5 Kg7 97. Rf6 Kh7 98. Kf7 Kh8 99. Rh6# 1-0

[Event "Late-Titled-Tuesday-Blitz-September-19-2023"]
[Site "Chess.com"]
[Date "2023.09.19"]
[Round "10"]
[White "IlanSchnaider"]
[Black "jaskol95"]
[Result "0-1"]
[WhiteElo "2748"]
[BlackElo "2585"]
[TimeControl "180+1"]
[EndTime "15:57:53 PDT"]
[Termination "jaskol95 won by checkmate"]

1. e4 d5 2. exd5 Nf6 3. d4 Bg4 4. Bb5+ Nbd7 5. f3 Bf5 6. Nc3 a6 7. Bd3 Bxd3 8. Qxd3 Nb6 9. Nge2 Nfxd5 10. Bd2 e6 11. a3 Be7 12. O-O-O Qd7 13. Ne4 Qb5 14.
Be1 Nc4 15. Qb3 Qxb3 16. cxb3 Nce3 17. Rd3 Nxg2 18. Bg3 Nge3 19. N2c3 Nf5 20. Rg1 O-O 21. Kb1 Nxg3 22. Rxg3 c6 23. Kc2 Rfd8 24. Na4 Nf4 25. Rd2 Rd5 26. Nb6 Rad8 27. Nxd5 cxd5 28. Nc3 Bf6 29. b4 Rc8 30. Rg4 Ng6 31. Kb3 Ne7 32.
Rc2 Kf8 33. Ne2 Rxc2 34. Kxc2 Nf5 35. Kd3 Ke7 36. Rg1 Nd6 37. b3 Kd7 38. a4 g6 39.
h4 h5 40. Rh1 Nf5 41. b5 axb5 42. axb5 Bxh4 43. Rc1 Be7 44. b6 Bd6 45. Ra1 h4 46. Ng1 Kc6 47. Nh3 Kxb6 48. Ng5 Bf4 49. Nh3 Bd6 50. Ng5 Bf4 51. Nh3 Be3 52. Re1 Bxd4 53. Ng5 Bf2 54. Rf1 Bc5 55. Rh1 Be7 56. Nxf7 Ng3 57.
Rh3 Nh5 58. Kc2 Nf4 59. Rh1 h3 60. Ne5 g5 61. Nd3 Ne2 62. Rxh3 Nd4+ 63. Kc3 Bf6 64.
Kd2 Nxb3+ 65. Ke3 Nd4 66. Rh6 Nf5+ 67. Kd2 Nxh6 68. Nf2 Nf5 69. Ng4 Bg7 70. Kd3 Kc5 71.
Nf2 b5 72. Kc2 Ne3+ 73. Kd3 Nf5 74. Kd2 Nd4 75. Nd3+ Kc4 76. Nb2+ Kb3 77. Nd3 Nxf3+ 78. Ke3 Ne5 79. Nc5+ Kc2 80. Nxe6 Nc4+ 81. Ke2 Bc3 82. Nxg5 b4 83. Nf3 b3 84. Kf2 b2 85. Kg3 b1=Q 86. Kf4 Qf1 87. Kg4 Qxf3+ 88. Kxf3 d4 89. Ke4 d3 90. Kd5 d2 91. Kc6 d1=Q 92. Kb5 Qd5+ 93.
Ka6 Qc6+ 94. Ka7 Bd4+ 95. Kb8 Qb6+ 96. Kc8 Qa7 97. Kd8 Bf6+ 98. Kc8 Nd6# 0-1

[Event "Late-Titled-Tuesday-Blitz-September-19-2023"]
[Site "Chess.com"]
[Date "2023.09.19"]
[Round "11"]
[White "SaqoChess_Twitch"]
[Black "MathiasWomacka"]
[Result "1-0"]
[WhiteElo "2674"]
[BlackElo "2564"]
[TimeControl "180+1"]
[EndTime "16:01:09 PDT"]
[Termination "SaqoChess_Twitch won by resignation"]

1. d4 Nf6 2. c4 e6 3. Nc3 Bb4 4.
e3 c5 5. a3 Bxc3+ 6. bxc3 d6 7. Bd3 Nc6 8. Ne2 e5 9. Ng3 O-O 10. O-O b6 11. d5 Na5 12. f4 exf4 13. exf4 Ba6 14. f5 Bxc4 15. Bg5 Bxd3 16. Qxd3 h6 17. Bh4 Re8 18. Nh5 c4 19. Qf3 Nb3 20. Bxf6 1-0

[Event "Late-Titled-Tuesday-Blitz-September-19-2023"]
[Site "Chess.com"]
[Date "2023.09.19"]
[Round "11"]
[White "ElDivis"]
[Black "GlavkonVVS"]
[Result "0-1"]
[WhiteElo "2530"]
[BlackElo "2613"]
[TimeControl "180+1"]
[EndTime "16:01:28 PDT"]
[Termination "GlavkonVVS won by resignation"]

1. d4 Nf6 2. Nf3 e6 3. e3 b6 4. Bd3 Bb7 5. O-O Be7 6. c4 O-O 7.
Nc3 d6 8. e4 Nbd7 9. Bf4 Nh5 10. Be3 g6 11. Bh6 Re8 12. Qd2 e5 13. d5 Nc5 14.
Bc2 a5 15. b3 Bc8 16. a3 Bg4 17. Ng5 Nf4 18. b4 Bxg5 0-1

[Event "Late-Titled-Tuesday-Blitz-September-19-2023"]
[Site "Chess.com"]
[Date "2023.09.19"]
[Round "11"]
[White "IMRosen"]
[Black "lluiss"]
[Result "1-0"]
[WhiteElo "2537"]
[BlackElo "2255"]
[TimeControl "180+1"]
[EndTime "16:01:37 PDT"]
[Termination "IMRosen won by resignation"]

1. e4 c5 2. d4 cxd4 3. c3 dxc3 4.
Nxc3 Nc6 5. Nf3 a6 6. Bc4 e6 7.
O-O Bb4 8. Bg5 Nge7 9. Nd5 exd5 10. exd5 h6 11. Bh4 g5 12. Bg3 Na5 13. Qd4 O-O 14.
Bd3 Nxd5 15. Qxd5 d6 16. Qe4 1-0

[Event "Late-Titled-Tuesday-Blitz-September-19-2023"]
[Site "Chess.com"]
[Date "2023.09.19"]
[Round "11"]
[White "zverr1"]
[Black "emeli_chess"]
[Result "1-0"]
[WhiteElo "2506"]
[BlackElo "2378"]
[TimeControl "180+1"]
[EndTime "16:01:54 PDT"]
[Termination "zverr1 won by resignation"]

1. d4 Nf6 2. c4 e6 3. Nf3 d5 4. g3 dxc4 5. Bg2 Nc6 6. O-O Rb8 7. a4 a6 8. a5 Bd6 9. Nbd2 e5 10. dxe5 Nxe5 11.
Nxe5 Bxe5 12. Nxc4 Qxd1 13. Rxd1 Nd7 14. Rxd7 Bxd7 15.
Nxe5 Be6 16. Bf4 O-O 17. Nd3 b5 18. Bxc7 Rbc8 19. Bb6 Rc2 20. Bb7 Bc8 21. Bf3 Bf5 22.
Nb4 Rxb2 23. Nxa6 Rc8 24. Nc7 Rc2 25. a6 1-0

[Event "Late-Titled-Tuesday-Blitz-September-19-2023"]
[Site "Chess.com"]
[Date "2023.09.19"]
[Round "11"]
[White "stasOR4ik"]
[Black "angelgab3"]
[Result "1-0"]
[WhiteElo "2451"]
[BlackElo "2555"]
[TimeControl "180+1"]
[EndTime "16:02:02 PDT"]
[Termination "stasOR4ik won by resignation"]

1. e4 e5 2. Nf3 Nc6 3. Bb5 a6 4. Ba4 Nf6 5. O-O b5 6. Bb3 Bb7 7. Re1 Bc5 8. c3 d6 9. d4 Bb6 10. Bg5 h6 11. Bh4 O-O 12. d5 Nb8 13. Nbd2 Nbd7 14.
Nf1 Qb8 15. Ne3 Nxe4 16. Nf5 Nef6 17. Qd2 Kh7 18. Bc2 e4 19. Bxe4 Nxe4 20. Rxe4 Re8 21.
Rg4 1-0

[Event "Late-Titled-Tuesday-Blitz-September-19-2023"]
[Site "Chess.com"]
[Date "2023.09.19"]
[Round "11"]
[White "Dacean99"]
[Black "traack"]
[Result "1-0"]
[WhiteElo "2501"]
[BlackElo "2377"]
[TimeControl "180+1"]
[EndTime "16:02:43 PDT"]
[Termination "Dacean99 won by checkmate"]

1. e4 c5 2. Nc3 e6 3. g3 Nc6 4. Bg2 Nf6 5. Nge2 Be7 6. d4 cxd4 7.
Nxd4 a6 8. O-O Qc7 9. Bf4 d6 10. Nxc6 bxc6 11. Qd2 e5 12. Bg5 h6 13. Bxf6 Bxf6 14. Rad1 Be7 15. f4 exf4 16. gxf4 O-O 17. Kh1 Rb8 18. b3 Qa5 19. Nd5 Bd8 20. Ne7+ Kh8 21. Qxa5 Bxa5 22. Nxc6 Rb5 23. a4 Rc5 24. Nxa5 Rxa5 25. Rxd6 Rc5 26. c4 a5 27. e5 Bg4 28.
Rd5 Rfc8 29. Bf3 Be6 30. Rxc5 Rxc5 31. Rd1 g5 32. fxg5 hxg5 33. Bd5 Bf5 34. Rf1 Bc2 35. Rxf7 Bxb3 36. e6 Bxa4 37. e7 Bc6 38. Bxc6 Rxc6 39.
e8=Q# 1-0

[Event "Late-Titled-Tuesday-Blitz-September-19-2023"]
[Site "Chess.com"]
[Date "2023.09.19"]
[Round "11"]
[White "valemava"]
[Black "Quattroporte300"]
[Result "1-0"]
[WhiteElo "2300"]
[BlackElo "2380"]
[TimeControl "180+1"]
[EndTime "16:02:44 PDT"]
[Termination "valemava won by resignation"]

1. e4 c5 2. a3 Nc6 3. b4 cxb4 4.
axb4 Nxb4 5. c3 Nc6 6. d4 d5 7. exd5 Qxd5 8. Na3 a6 9. Nb5 Qd8 10. d5 Ne5 11. Bf4 f6 12. Bxe5 fxe5 13. Qh5+ Kd7 14. Qf5+ Ke8 15. Qxe5 axb5 16. Rxa8 Nf6 17. Bxb5+ Kf7 18.
Qe6+ Bxe6 19. dxe6+ Kxe6 20. Rxd8 g6 21. Bc4+ Kf5 22.
Nf3 e5 23. O-O h5 24. h4 e4 25. Ng5 b5 26. Be6+ Ke5 27. Nf7+ Kxe6 28. Nxh8 Bc5 29.
Nxg6 Ng4 30. Nf4+ Ke7 31. Rd5 Ba7 32. Nh3 e3 33. Re1 Kf6 34. fxe3 Nxe3 35. Rxe3 Bxe3+ 36. Kf1 Ke6 37. Rxb5 1-0

[Event "Late-Titled-Tuesday-Blitz-September-19-2023"]
[Site "Chess.com"]
[Date "2023.09.19"]
[Round "11"]
[White "sergiochess83"]
[Black "Njal28"]
[Result "0-1"]
[WhiteElo "2896"]
[BlackElo "3102"]
[TimeControl "180+1"]
[EndTime "16:02:46 PDT"]
[Termination "Njal28 won by resignation"]

1. e4 c5 2. Nf3 Nc6 3. Bb5 Nf6 4. Nc3 d6 5. e5 Nd7 6. exd6 e5 7. O-O Bxd6 8. Bxc6 bxc6 9. d3 O-O 10. Nd2 f5 11.
Nc4 Bc7 12. f4 Ba6 13. b3 Qf6 14. Bb2 Qh6 15. Qf3 exf4 16. Rae1 Bxc4 17. dxc4 Ne5 18. Qxf4 Qxf4 19. Rxf4 Nd3 20. cxd3 Bxf4 21. Na4 Rfe8 22. Rf1 Be3+ 23. Kh1 Rad8 0-1

[Event "Late-Titled-Tuesday-Blitz-September-19-2023"]
[Site "Chess.com"]
[Date "2023.09.19"]
[Round "11"]
[White "talaicito"]
[Black "miraitrunks"]
[Result "1-0"]
[WhiteElo "2195"]
[BlackElo "2142"]
[TimeControl "180+1"]
[EndTime "16:02:49 PDT"]
[Termination "talaicito won by checkmate"]

1. d4 Nf6 2. Nc3 c5 3. d5 d6 4.
e4 g6 5. Nf3 Bg7 6. Nd2 O-O 7.
Be2 a6 8. a4 Nbd7 9. O-O Rb8 10.
f4 e6 11. dxe6 fxe6 12. Nc4 d5 13. exd5 Nb6 14. d6 Nfd5 15. Ne5 Qxd6 16. a5 Nd7 17. Nc4 Qe7 18. Nxd5 exd5 19. Qxd5+ Kh8 20. Bf3 Bd4+ 21. Kh1 Nf6 22. Qd6 Qf7 23. Ne5 Bxe5 24. fxe5 Nd7 25. Bh6 Re8 26. Bd5 Qe7 27. Qxe7 Rxe7 28.
e6 Ne5 29. Rf8# 1-0